 Dungeon Crawl Stone Soup version 0.20-a0-1008-g0de3dc5 (console) character file.

254 vuev the Conjurer (level 5, -1/28 HPs)
             Began as a Deep Elf Conjurer on Apr 14, 2017.
             Killed by divine providence
             ... invoked by an orc priest
              (14 damage)
             ... on level 3 of the Dungeon.
             The game lasted 00:03:48 (3029 turns).

vuev the Conjurer (Deep Elf Conjurer)               Turns: 3029, Time: 00:03:51

Health: -1/28      AC:  3    Str:  5    XL:     5   Next: 90%
Magic:  10/15      EV: 13    Int: 21    God:
Gold:   146        SH:  0    Dex: 15    Spells: 12/15 levels left

rFire    . . .     SeeInvis .   p - +0 dagger
rCold    . . .     Gourm    .   (no shield)
rNeg     . . .     Faith    .   a - +0 robe
rPois    .         Spirit   .   j - +0 helmet
rElec    .         Reflect  .   (no cloak)
rCorr    .         Harm     .   (no gloves)
MR       .....                  (no boots)
Stlth    ++........             (no amulet)
Regen    0.1/turn               (no ring)
MPRegen  0.2/turn               (no ring)

@: no status effects
A: no striking features
a: no special abilities


You were on level 3 of the Dungeon.
You were not hungry.

You visited 1 branch of the dungeon, and saw 3 of its levels.

You collected 146 gold pieces.

Inventory:

Hand Weapons
 p - a +0 dagger (weapon)
Armour
 a - a +0 robe (worn)
 j - a +0 helmet (worn)
Scrolls
 d - a scroll of immolation {unknown}
 e - a scroll of amnesia {unknown}
 k - 2 scrolls of teleportation {unknown}
 l - a scroll of fear {unknown}
 m - a scroll of enchant armour {unknown}
 n - a scroll of random uselessness {unknown}
 o - 2 scrolls of identify {unknown}
 q - a scroll of noise {unknown}
Potions
 f - a potion of haste {unknown}
 g - a potion of brilliance {unknown}
 h - a potion of flight {unknown}
 i - a potion of curing {unknown}
 r - a potion of heal wounds {unknown}
Books
 b - a book of Conjurations

   Spells                             Type                      Level
   a - Magic Dart                     Conjuration                  1
   b - Searing Ray                    Conjuration                  2
   c - Dazzling Spray                 Conjuration/Hexes            3
   d - Fulminant Prism                Conjuration/Hexes            4
   e - Force Lance                    Conjuration/Translocation    4
   f - Iskenderun's Mystic Blast      Conjuration                  4
Comestibles
 c - 2 bread rations


   Skills:
 - Level 2.4 Dodging
 - Level 2.4 Stealth
 + Level 5.5 Spellcasting
 + Level 6.8 Conjurations


You had 12 spell levels left.
You knew the following spells:

 Your Spells              Type           Power        Failure   Level  Hunger
a - Magic Dart            Conj           ####         1%          1    None
r - Searing Ray           Conj           ####..       1%          2    None


Dungeon Overview and Level Annotations

Branches:
Dungeon (3/15)

Altars:
Makhleb
Okawaru
Ru
Wu Jian
Xom


Message History

Casting: Searing Ray
Confirm with . or Enter, or press ? or * to list all spells.
Aiming: Searing Ray
Press: ? - help, Shift-Dir - straight line, f - orc priest
Aim: an orc priest, wielding a flail and wearing a chain mail The searing ray hits the orc priest.
The orc priest is moderately wounded. (Press . to maintain the ray.)
The searing ray hits the orc priest.
The orc priest is moderately wounded.
The searing ray hits the orc priest.
The orc priest is moderately wounded.
The orc priest hits you with a flail.
The searing ray hits the orc priest.
The orc priest is severely wounded.
You finish channeling your searing ray.
The orc priest invokes the aid of Beogh against you.
Beogh smites you!
Ouch! That really hurt!
You die...

#..##.#...o...#
#..##.#.##o##.#
#..##.#.#...#.#
#........._....
#...#.#.#...#.#
#.###.#.##.##.#
#.# #.#.......#
###.#
#.####.####.#
#...#
#......o@...#
### #.###
######†######
#.. ##.##
#.####(# #.#
##...## #......#
#.#
#.###.###.######
#.# .## ##.##.#
##.## .# #....#
##.#.## .##
##.####
####<###.##
..###.## #...##
##.#


You could see an orc priest.

Vanquished Creatures
  The ghost of Malvoorn the Charmwright, an amateur BuSk (D:3)
  2 orc wizards
  5 adders
  An ooze (D:1)
  2 worms (D:3)
  A dart slug (D:3)
  2 leopard geckos
  7 orcs (D:3)
  4 giant cockroaches (D:2)
  6 goblins
  2 hobgoblins
  7 kobolds
  A quokka (D:2)
  2 ball pythons (D:2)
  3 bats
  4 frilled lizards
  5 rats
55 creatures vanquished.

Notes
Turn   | Place    | Note
-------+----------+-------------------------------------------
     0 | D:1      | vuev the Deep Elf Conjurer began the quest for the Orb.
     0 | D:1      | Reached XP level 1. HP: 10/10 MP: 6/6
   414 | D:1      | Reached XP level 2. HP: 15/15 MP: 4/8
   455 | D:1      | Learned a level 2 spell: Searing Ray
   849 | D:2      | Reached skill level 5 in Conjurations
   996 | D:2      | Reached XP level 3. HP: 19/19 MP: 1/10
  1204 | D:2      | Found an ornate altar of the Wu Jian Council.
  1398 | D:2      | Found an iron altar of Okawaru.
  1499 | D:2      | Found a faded altar of an unknown god.
  1901 | D:2      | Found a burning altar of Makhleb.
  1904 | D:2      | Found a shimmering altar of Xom.
  2182 | D:3      | Found a sacrificial altar of Ru.
  2197 | D:3      | Reached XP level 4. HP: 24/24 MP: 8/12
  2542 | D:3      | Noticed Malvoorn's ghost (amateur BuSk)
  2546 | D:3      | Killed Malvoorn's ghost
  2546 | D:3      | Reached skill level 5 in Spellcasting
  2546 | D:3      | Reached skill level 6 in Conjurations
  2546 | D:3      | Reached XP level 5. HP: 28/28 MP: 7/14
  3029 | D:3      | Killed from afar by an orc priest

Vault maps used:
D:1:      dpeg_arrival_windows_large_door
D:2:      minitemple, okawaru_gym_becter, nicolae_overflow_hidden_temple,
          chequers_ecumenical_altar_twisty
D:3:      nicolae_ru_sacrificial_ziggurat

Skill      XL: |  1  2  3  4 |
---------------+-------------+-----
Conjurations   | 5 6 |  6.8
Spellcasting   | 4 5 |  5.5
Dodging        | |  2.4
Stealth        | |  2.4

Action                   |  1- 3 |  4- 6 || total
-------------------------+-------+-------++-------
 Cast: Magic Dart        |    41 |    14 ||    55
       Searing Ray       |    13 |    18 ||    31
  Eat: Chunk             |     4 |     3 ||     7
Armor: Robe              |     3 |     3 ||     6
Dodge: Dodged            |     5 |     8 ||    13
